 Dungeon Crawl Stone Soup version v1.3-6-gcec1249 (webtiles) character file.

492 Schmuck the Firebug (level 7, -1/41 HPs)
             Began as a Fairy Fire Elementalist on Oct 24, 2018.
             Killed from afar by an orc wizard (6 damage)
             ... with a magic dart
             ... on level 5 of the Dungeon.
             The game lasted 00:12:48 (2731 turns).

Schmuck the Firebug (Fairy Fire Elementalist)       Turns: 2731, Time: 00:12:49

Health: -1/41      AC:  5    Str:  6    XL:     7   Next: 14%
Magic:  10/17      EV: 16    Int: 20    God:
Gold:   238        SH:  5    Dex: 13    Spells: 10/16 levels left

rFire    . . .     SeeInvis .   r - +0 hunting sling (venom)
rCold    . . .     Gourm    .   (shield restricted)
rNeg     . . .     Faith    .   (armour unavailable)
rPois    +         Spirit   .   (no helmet)
rElec    .         Reflect  .   (no cloak)
rCorr    .         Harm     .   (no gloves)
MR       .....                  (no boots)
Stlth    ++........             w - amulet of the acrobat
HPRegen  0.13/turn              x - ring of poison resistance
MPRegen  0.15/turn              t - ring of stealth

@: flying evasively
A: small, magic attunement, unstealthy, unfitting armour, able to fly, AC/SH +5
a: Stop Flying


You were on level 5 of the Dungeon.
You were not hungry.

You visited 1 branch of the dungeon, and saw 5 of its levels.
You also visited: Sewer.

You collected 238 gold pieces.

Inventory:

Hand Weapons
 q - a +1 dagger of draining
 r - a +0 hunting sling of venom (weapon)
Missiles
 s - 508 stones (quivered)
Armour
 l - a +2 pair of boots
Jewellery
 t - a ring of stealth (right hand)
 w - an amulet of the acrobat (around neck)
 x - a ring of poison resistance (left hand)
Scrolls
 f - a scroll of enchant armour
 g - a scroll of magic mapping
 j - 2 scrolls of identify
 p - 4 scrolls of teleportation
Potions
 a - 3 potions of agility {unknown}
 c - 5 potions of heal wounds
 d - a potion of might {unknown}
 h - a potion of brilliance {unknown}
 k - 3 potions of flight {unknown}
 o - a potion of berserk rage {unknown}
 v - a potion of cancellation {unknown}
Comestibles
 b - 9 rations


   Skills:
 + Level 0.2 Fighting
 + Level 0.7 Slings
 - Level 2.6 Dodging
 - Level 1.4 Stealth
 + Level 5.4 Spellcasting
 + Level 3.8 Conjurations
 * Level 7.0 Fire Magic


You had 10 spell levels left.
You knew the following spells:

 Your Spells              Type           Power        Failure   Level  Hunger
a - Flame Tongue          Conj/Fire      ####.        1%          1    None
b - Throw Flame           Conj/Fire      ####..       1%          2    None
c - Conjure Flame         Conj/Fire      ####....     3%          3    None

Your spell library contained the following spells:

 Spells                   Type           Power        Failure   Level  Hunger
 Fireball                 Conj/Fire      ####......   32%         5    None
 Sticky Flame             Conj/Fire      ####....     12%         4    None
 Inner Flame              Hex/Fire       ###.....     8%          3    None


Dungeon Overview and Level Annotations

Branches:
Dungeon (5/12)
 Temple: D:4-7

Altars:
Cheibriados
Hepliaklqana
Kikubaaqudgha
Wu Jian


Innate Abilities, Weirdness & Mutations

Your spells do not cause hunger and MP costs are reduced by 1.
Your bright wings attract enemies. (Stealth-)
You cannot fit into any form of body armour.
Your shimmering scales are hard and can block incoming attacks. (AC +5, SH +5)
You are small and have problems with some larger weapons.
You can fly continuously.


Message History

* * * LOW HITPOINT WARNING * * *
The orc wizard casts a spell.
The orc wizard blinks!
You block the orc wizard's attack.
The orc wizard hits you but does no damage.
The orc wizard completely misses you.
The orc wizard gestures at you while chanting.
The magic dart hits you!
The orc priest casts a cantrip, but nothing happens.
The orc wizard misses you.
The orc wizard completely misses you. x2
You feel yourself speed up.
The orc wizard mumbles some strange words.
The orc wizard blinks!
You block the orc wizard's attack. The orc wizard closely misses you.
The orc wizard is no longer moving quickly.
You block the orc wizard's attack.
There is an escape hatch in the ceiling here.
The orc wizard points at you and mumbles some strange words.
The magic dart hits you!
You die...

################
#..............#
#.......<......#
#..............##
#......)...o@...#
#...........(...#
#.......o.......#
#......(........#
###.##...........#
#.##...........#
#.##...........#
#.##...........#
#o##############


You could see an orc priest and an orc wizard.

Vanquished Creatures
  An ice beast (D:4)
  A crocodile (Sewer)
  A bullfrog (D:3)
  A scorpion (D:4)
  A crimson imp (D:5)
  An orc wizard (D:5)
  A worker ant (D:4)
  5 adders
  An ooze (D:3)
  A worm (D:2)
  2 dart slugs (D:1)
  5 leopard geckos (D:3)
  3 orcs
  6 giant cockroaches
  6 goblins
  5 hobgoblins
  4 jackals
  8 kobolds
  2 quokkas
  A ball python (D:2)
  5 bats
  5 frilled lizards (D:1)
  A jackal skeleton (D:4)
  7 rats
74 creatures vanquished.

Notes
Turn   | Place    | Note
-------+----------+-------------------------------------------
     0 | D:1      | Schmuck the Fairy Fire Elementalist began the quest for the Orb.
     0 | D:1      | Reached XP level 1. HP: 11/11 MP: 6/6
   178 | D:1      | Reached skill level 4 in Fire Magic
   331 | D:1      | Reached XP level 2. HP: 17/17 MP: 7/7
   523 | D:1      | Reached XP level 3. HP: 21/21 MP: 9/9
   527 | D:1      | Learned a level 2 spell: Throw Flame
   531 | D:1      | Learned a level 3 spell: Conjure Flame
   892 | D:2      | Found a snail-covered altar of Cheibriados.
   952 | D:2      | Found a faded altar of an unknown god.
   963 | D:2      | Reached skill level 5 in Fire Magic
  1194 | D:3      | Noticed a bullfrog
  1199 | D:3      | Killed a bullfrog
  1199 | D:3      | Reached XP level 4. HP: 26/27 MP: 6/12
  1244 | D:3      | Reached XP level 5. HP: 31/31 MP: 11/13
  1368 | D:3      | Found a glowing drain.
  1379 | Sewer    | Entered a sewer
  1438 | Sewer    | Noticed a crocodile
  1445 | Sewer    | Killed a crocodile
  1445 | Sewer    | Reached skill level 6 in Fire Magic
  1445 | Sewer    | Reached XP level 6. HP: 27/36 MP: 9/15
  1835 | D:4      | Noticed an ice beast
  1839 | D:4      | Killed an ice beast
  1839 | D:4      | Reached skill level 5 in Spellcasting
  2281 | D:4      | Found a hazy altar of Hepliaklqana.
  2394 | D:4      | Found an ancient bone altar of Kikubaaqudgha.
  2557 | D:5      | Entered Level 5 of the Dungeon
  2626 | D:5      | Reached XP level 7. HP: 31/41 MP: 15/17
  2675 | D:5      | Found an ornate altar of the Wu Jian Council.
  2697 | D:5      | Reached skill level 7 in Fire Magic
  2731 | D:5      | Killed from afar by an orc wizard

Skill      XL: |  1  2  3  4  5  6  7 |
---------------+----------------------+-----
Fire Magic     | 4 5 6 7 |  7.0
Spellcasting   | 3 4 5 |  5.4
Conjurations   | 2 3 |  3.8
Fighting       | |  0.2
Slings         | |  0.7
Dodging        | |  2.6
Stealth        | |  1.4

Action                   |  1- 3 |  4- 6 |  7- 9 || total
-------------------------+-------+-------+-------++-------
Melee: Dagger            |       |    34 |       ||    34
 Fire: Hunting sling     |       |    12 |       ||    12
 Cast: Flame Tongue      |    59 |    42 |     3 ||   104
       Throw Flame       |    19 |    23 |     8 ||    50
       Conjure Flame     |       |       |     3 ||     3
  Use: Scroll            |       |     9 |       ||     9
  Eat: Chunk             |       |     4 |     1 ||     5
Armor: Skin              |     2 |     8 |     2 ||    12
Dodge: Dodged            |    31 |    32 |     6 ||    69
Block: Other             |     6 |    11 |     3 ||    20
